 Dungeon Crawl Stone Soup version 0.30-a0-458-g86641cc369 (webtiles) character file.

Game seed: 1665684857031128443

1158 zero the Magician (level 8, -7/56 HPs)
             Began as a Demonspawn Conjurer on Dec 14, 2022.
             Mangled by a yak (15 damage)
             ... on level 7 of the Dungeon.
             The game lasted 00:07:12 (6722 turns).

zero the Magician (Demonspawn Conjurer)             Turns: 6722, Time: 00:07:12

Health: -7/56      AC:  3    Str:  7    XL:     8   Next: 16%
Magic:  0/18       EV: 11    Int: 28    God:
Gold:   235        SH:  3    Dex: 12    Spells: 14/21 levels left

rFire   . . .      SeeInvis +    C - +2 dagger (vamp)
rCold   . . .      Faith    .    x - +0 buckler
rNeg    . . .      Spirit   .    h - +0 leather armour
rPois   .          Reflect  .    (helmet restricted)
rElec   .          Harm     .    (no cloak)
rCorr   .          Rampage  .    (no gloves)
Will    .....                    (no boots)
Stlth   ++........               (no amulet)
HPRegen 0.29/turn                f - +6 ring of intelligence
MPRegen 0.16/turn                B - ring of see invisible

@: mighty
A: claws 2, horns 2, weakness stinger 2
a: no special abilities


You were on level 7 of the Dungeon.
You visited 1 branch of the dungeon, and saw 7 of its levels.

You collected 235 gold pieces.

Inventory:

Hand Weapons
 t - a +2 dagger of electrocution
 C - a +2 vampiric dagger (weapon)
Missiles
 p - 4 boomerangs of dispersal
Armour
 a - a +0 robe
 h - a +0 leather armour (worn)
 x - a +0 buckler (worn)
Jewellery
 f - a +6 ring of intelligence (left claw)
 B - a ring of see invisible (right claw)
Wands
 y - a wand of iceblast (6)
Scrolls
 c - 3 scrolls of vulnerability {unknown}
 e - a scroll of amnesia {unknown}
 g - a scroll of teleportation
 i - 2 scrolls of silence {unknown}
 l - a scroll of fear {unknown}
 m - 2 scrolls of magic mapping {unknown}
 r - a scroll of brand weapon
 s - a scroll of enchant weapon {unknown}
 v - a scroll of fog {unknown}
 z - a scroll of identify
Potions
 b - a potion of magic
 d - a potion of mutation {unknown}
 j - 3 potions of heal wounds
 k - a potion of invisibility {unknown}
 n - a potion of curing
 o - a potion of haste {unknown}
 q - a potion of attraction {unknown}
 w - a potion of resistance {unknown}
 A - a potion of berserk rage {unknown}
 D - a potion of degeneration {unknown}


   Skills:
 - Level 2.0 Fighting
 - Level 2.0 Dodging
 - Level 2.0 Stealth
 * Level 7.1 Spellcasting
 - Level 5.0 Conjurations
 + Level 4.1 Translocations


You had 14 spell levels left.
You knew the following spells:

 Your Spells              Type           Power      Damage    Failure   Level
a - Magic Dart            Conj           100%       1d8       1%          1
b - Searing Ray           Conj           74%        2d7       2%          2
c - Iskenderun's Mystic   Conj/Tloc      35%        2d8       17%         4

Your spell library contained the following spells:

 Spells                   Type           Power      Damage    Failure   Level
 Dazzling Flash           Conj/Hex       46%        N/A       12%         3
 Fulminant Prism          Conj/Hex       11%        3d9       36%         4


Dungeon Overview and Level Annotations

Branches:
Dungeon (7/15)
 Temple: D:4-7

Altars:
Okawaru
Sif Muna
Trog
Uskayaw

Shops:
D:2 :

Annotations:
D:3 Ijyb
D:6 Dowan


Innate Abilities, Weirdness & Mutations

You have very sharp fingernails.
You have a pair of horns on your head.
You have a tail ending in a sharp stinger.


Message History

The water moccasin attacks as you move away!
The water moccasin barely misses you. The yak closely misses you.
The yak gores you. The water moccasin bites you.
* * * LOW HITPOINT WARNING * * *
The water moccasin attacks as you move away!
The water moccasin barely misses you. The yak gores you!
* * * LOW HITPOINT WARNING * * *
The yak misses you.
The water moccasin attacks as you move away!
The water moccasin closely misses you.
Casting: Iskenderun's Mystic Blast (quite dangerous; 17% risk of failure)
Confirm with . or Enter, or press ? or * to list all spells.
You don't have enough magic to cast this spell.
You feel better. The yak gores you!
* * * LOW HITPOINT WARNING * * *
Your magical contamination has completely faded away.
You feel much better. The yak gores you.
You feel very mighty all of a sudden. You block the yak's attack.
Casting: Iskenderun's Mystic Blast (quite dangerous; 17% risk of failure)
Confirm with . or Enter, or press ? or * to list all spells.
Aiming: Searing Ray (safe; 2% risk of failure)
Press: ? - help, Shift-Dir - straight line, f - water moccasin
Aim: a water moccasin (heavily wounded, 68% to hit)
The searing ray misses the yak.
The searing ray hits the water moccasin!
The water moccasin is severely wounded. (Press . to maintain the ray.)
The yak gores you!
* * * LOW HITPOINT WARNING * * *
The searing ray hits the yak.
The yak is moderately wounded.
The yak gores you.
* * * LOW HITPOINT WARNING * * *
The searing ray hits the yak.
The yak is moderately wounded.
The searing ray hits the water moccasin.
The water moccasin is almost dead.
The yak gores you!
You die...

# .# #. .#
#.# ..# #..#
#.#
#.#.###.#
#...@#.##
###.#Y.)####
#..S.....+
#.#<[)####
#.##.## ..
## #.. #..


You could see a yak and a water moccasin.

Vanquished Creatures
  An ice beast (D:6)
  An orc warrior (D:6)
  A sky beast (D:6)
  A centaur (D:5)
  A kobold brigand (D:6)
  A necrophage (D:6)
  A scorpion (D:6)
  A jelly (D:5)
  2 orc priests (D:7)
  3 hounds
  Jessica (D:3)
  5 orc wizards (D:6)
  Robin (D:3)
  4 gnolls (D:2)
  10 adders
  An ufetubus (D:6)
  5 worms
  A dart slug (D:1)
  10 orcs
  16 ball pythons
  7 bats
  3 endoplasms
  5 giant cockroaches
  17 goblins
  3 hobgoblins (D:3)
  A quokka (D:2)
  A frilled lizard (D:2)
  8 kobolds
  7 rats
119 creatures vanquished.

Vanquished Creatures (others)
  A goblin (D:3)
  8 fungi (D:5)
  A plant (D:2)
10 creatures vanquished.

Grand Total: 129 creatures vanquished

Notes
Turn   | Place    | Note
-------+----------+-------------------------------------------
     0 | D:1      | zero the Demonspawn Conjurer began the quest for the Orb.
     0 | D:1      | Reached XP level 1. HP: 13/13 MP: 3/3
   290 | D:1      | Discovered your monstrous ancestry.
   290 | D:1      | Gained mutation: You have a small tail. [demonic ancestry]
   290 | D:1      | Reached XP level 2. HP: 19/19 MP: 2/5
   293 | D:1      | Learned a level 2 spell: Searing Ray
   511 | D:1      | Reached skill level 3 in Spellcasting
   863 | D:2      | Gained mutation: You have sharp fingernails. [demonic
                  | ancestry]
   863 | D:2      | Reached XP level 3. HP: 25/25 MP: 1/7
   952 | D:2      | Reached skill level 1 in Fighting
  1140 | D:2      | Gained mutation: You have a pair of small horns on your
                  | head. [demonic ancestry]
  1140 | D:2      | Reached XP level 4. HP: 32/32 MP: 7/9
  1145 | D:2      | Learned a level 4 spell: Iskenderun's Mystic Blast
  1380 | D:2      | Found Giudoj's Book Shop.
  1629 | D:2      | Found a shimmering blue altar of Sif Muna.
  2201 | D:3      | Noticed Robin
  2504 | D:3      | Killed Robin
  2588 | D:3      | Noticed Jessica
  2598 | D:3      | Gained mutation: You have very sharp fingernails. [demonic
                  | ancestry]
  2598 | D:3      | Reached XP level 5. HP: 37/37 MP: 6/10
  2615 | D:3      | Killed Jessica
  2616 | D:3      | Reached skill level 1 in Translocations
  2758 | D:3      | Noticed Ijyb
  3109 | D:3      | Reached skill level 4 in Spellcasting
  4262 | D:5      | Entered Level 5 of the Dungeon
  4296 | D:5      | Noticed a centaur
  4305 | D:5      | HP: 1/38 [centaur/arrow (7)]
  4306 | D:5      | Reached XP level 6. HP: 2/44 MP: 7/12
  4643 | D:5      | Reached skill level 5 in Conjurations
  4676 | D:5      | Found an iron altar of Okawaru.
  4676 | D:5      | Found a bloodstained altar of Trog.
  5590 | D:6      | Reached skill level 5 in Spellcasting
  5637 | D:6      | Noticed Dowan
  5748 | D:6      | Gained mutation: You have a tail ending in a sharp stinger.
                  | [demonic ancestry]
  5748 | D:6      | Reached XP level 7. HP: 50/50 MP: 6/15
  5913 | D:6      | Found a shimmering blue altar of Sif Muna.
  5922 | D:6      | Reached skill level 6 in Spellcasting
  6369 | D:6      | Gained mutation: You have a pair of horns on your head.
                  | [demonic ancestry]
  6369 | D:6      | Reached XP level 8. HP: 12/56 MP: 5/18
  6563 | D:6      | Found a hide-covered altar of Uskayaw.
  6603 | D:7      | HP: 1/56 [orc priest/+0 dagger (4)]
  6605 | D:7      | Reached skill level 7 in Spellcasting
  6722 | D:7      | Mangled by a yak

Illustrated notes

Levels and vault maps discovered:
D:1:      dpeg_arrival_rooms_with_view, layout_rooms, hangedman_decor_points,
          st_stairs_8, minmay_fountain_box
D:2:      layout_loops_corners, basic_altar, serial_shops,
          nicolae_shop_hallway_plus, minmay_shallow_snake_nest
D:3:      layout_basic, lightli_sewer_entry_pipes, uniq_ijyb, uniq_jessica,
          uniq_robin
D:4:      layout_basic, mainiacjoe_overflow_concentric_impassable
D:5:      layout_loops_corners, grunt_temple_overflow_bloody_war,
          serial_aquarium, aquarium_bridge_long_separate
          [aquarium_subvault_bridge, aquarium_subvault_bridge,
          aquarium_subvault_wall, aquarium_subvault_window,
          aquarium_subvault_window, aquarium_subvault_bridge],
          aquarium_window_fake, aquarium_window_2, aquarium_window_1,
          aquarium_window_fake, aquarium_view_2b, aquarium_balcony_5a,
          aquarium_pool_side
D:6:      layout_layer_cave, eat_drink_and_be_merry_uskayaw,
          kennysheep_orc_sif_temple, serial_shops, shop, uniq_duvessa
D:7:      layout_loops_corners, lemuel_temple_firewalk_b, enter_bailey_6,
          roderic_serpentine_path, nicolae_wand_duel, kennysheep_potato,
          uniq_menkaure, uniq_joseph

Skill      XL: |  1  2  3  4  5  6  7  8 |
---------------+-------------------------+-----
Spellcasting   | 3 4 5 6 7 |  7.1
Stealth        | 2 |  2.0
Fighting       | 1 2 |  2.0
Dodging        | 2 |  2.0
Translocations | 1 2 3 4 |  4.1
Conjurations   | 5 |  5.0

Action                   |  1- 3 |  4- 6 |  7- 9 || total
-------------------------+-------+-------+-------++-------
Melee: Short sword       |    17 |    21 |       ||    38
       Unarmed           |     1 |       |       ||     1
       Tailslap          |     3 |     4 |     4 ||    11
       Headbutt          |       |     5 |     4 ||     9
       Dagger            |       |     2 |    19 ||    21
 Cast: Magic Dart        |    36 |    61 |     8 ||   105
       Searing Ray       |     4 |    27 |    13 ||    44
       Iskenderun's Myst |       |       |     8 ||     8
  Use: Scroll            |       |     4 |       ||     4
       Potion            |       |       |     4 ||     4
Armor: Robe              |     4 |       |       ||     4
       Leather armour    |     4 |    15 |    12 ||    31
Dodge: Dodged            |    32 |    55 |    43 ||   130
Block: Buckler           |       |       |     9 ||     9

Table legend: (Time is in decaauts)
 A = Elapsed time spent in this place.
 B = Non-inter-level travel time spent in this place.
 C = Inter-level travel time spent in this place.
 D = Time resting spent in this place.
 E = Time spent auto-exploring this place.
 F = Levels seen in this place.
 G = Mean time per level.
                   A        B        C        D        E       F      G
               +--------+--------+--------+--------+--------+-----+--------+
         Total |   6751 |   6580 |    171 |   1801 |   3987 |   7 |  964.4 |
       Dungeon |   6751 |   6580 |    171 |   1801 |   3987 |   7 |  964.4 |
               +--------+--------+--------+--------+--------+-----+--------+

Top non-repeatable levels by time:
     D:2: 1646 daAuts
     D:3: 1359 daAuts
     D:5: 1297 daAuts
     D:6: 1049 daAuts
     D:1: 805 daAuts
     D:4: 478 daAuts
     D:7: 116 daAuts
